MWL (24 & UNDER)
MANHATTEN MEATHEADS @ COLUMBIA 08S
04/21/2023
 
TOP OF THE 1ST
Manhatten Meatheads batting - Pitching for Columbia 08s : LHP Júlio Gracía
Pitching: LHP Júlio Gracía
Batting: RHB Lynn Ford 0-0: Ball
1-0: Called Strike
1-1: Swinging Strike
1-2: Strikes out looking
Batting: LHB António Cedeño 0-0: Called Strike
0-1: Ball
1-1: Foul Ball, location: 2F
1-2: Ball
2-2: Ball
3-2: SINGLE (Flyball, 56D)
Batting: RHB Kyle O'Day 0-0: Ball
1-0: Ball
Wild Pitch!
António Cedeño to second
2-0: Ball
3-0: Called Strike
3-1: Fly out, F8 (Flyball, 8RM)
Batting: SHB Vitaliano Capuana 0-0: Ball
1-0: SINGLE (Groundball, 25) (infield hit)
António Cedeño to third
Batting: LHB Dave Watt 0-0: Ball
1-0: Swinging Strike
1-1: SINGLE (Line Drive, 3D)
António Cedeño scores
Vitaliano Capuana to second
Batting: RHB Jason Erickson 0-0: Ground out 5-3 (Groundball, 56S)
Top of the 1st over - 1 run(s), 3 hit(s), 0 error(s), 2 left on base; Manhatten 1 - Columbia 0
BOTTOM OF THE 1ST
Columbia 08s batting - Pitching for Manhatten Meatheads : LHP Ben Head
Pitching: LHP Ben Head
Batting: RHB Ryosei Yamamoto 0-0: Ball
1-0: Fly out, F8 (Flyball, 8RM)
Batting: RHB Vic Langlois 0-0: Ball
1-0: Foul Ball, location: 2F
1-1: Ball
2-1: Ball
3-1: Swinging Strike
3-2: Base on Balls
Batting: RHB Luis Maldonado 0-0: Ball
1-0: Grounds into double play, 4-6-3 (Groundball, 4)
Bottom of the 1st over - 0 run(s), 0 hit(s), 0 error(s), 0 left on base; Manhatten 1 - Columbia 0
TOP OF THE 2ND
Manhatten Meatheads batting - Pitching for Columbia 08s : LHP Júlio Gracía
Batting: RHB Mitch Thomas 0-0: Ball
1-0: Fly out, F4 (Popup, 4MD)
Batting: LHB Ed Murray 0-0: Called Strike
0-1: Swinging Strike
0-2: Ground out 4-3 (Groundball, 34)
Batting: RHB Juan Reyes 0-0: Ground out 5-3 (Groundball, 56S)
Top of the 2nd over - 0 run(s), 0 hit(s), 0 error(s), 0 left on base; Manhatten 1 - Columbia 0
BOTTOM OF THE 2ND
Columbia 08s batting - Pitching for Manhatten Meatheads : LHP Ben Head
Batting: RHB Ichizo Akiyama 0-0: Ball
1-0: Ball
2-0: Ground out 1-3 (Groundball, 25)
Batting: RHB Alfredo Hernández 0-0: SINGLE (Flyball, 8RS)
Batting: RHB Barton Frazier 0-0: Ball
1-0: Swinging Strike
1-1: Ball
2-1: Called Strike
2-2: Fly out, F8 (Line Drive, 8LM)
Batting: SHB Roberto Rivera 0-0: SINGLE (Groundball, 4MD) (infield hit)
Alfredo Hernández to second
Batting: RHB Felipe Rodríguez 0-0: Foul Ball, location: 2F
0-1: Ball
1-1: Fly out, F6 (Line Drive, 6)
Bottom of the 2nd over - 0 run(s), 2 hit(s), 0 error(s), 2 left on base; Manhatten 1 - Columbia 0
TOP OF THE 3RD
Manhatten Meatheads batting - Pitching for Columbia 08s : LHP Júlio Gracía
Batting: RHB Lynn Ford 0-0: Called Strike
0-1: Ball
1-1: Foul Ball, location: 2F
1-2: Strikes out swinging
Batting: LHB António Cedeño 0-0: Ball
1-0: Ball
2-0: Ground out 4-3 (Groundball, 4M)
Batting: RHB Kyle O'Day 0-0: DOUBLE (Flyball, 89D)
Batting: SHB Vitaliano Capuana 0-0: Swinging Strike
0-1: Ball
1-1: Swinging Strike
1-2: Strikes out looking
Top of the 3rd over - 0 run(s), 1 hit(s), 0 error(s), 1 left on base; Manhatten 1 - Columbia 0
BOTTOM OF THE 3RD
Columbia 08s batting - Pitching for Manhatten Meatheads : LHP Ben Head
Batting: LHB Brock Larsen 0-0: Ball
1-0: Ground out 4-3 (Groundball, 4)
Batting: RHB Ryosei Yamamoto 0-0: Called Strike
0-1: Called Strike
0-2: Ball
1-2: Strikes out swinging
Batting: RHB Vic Langlois 0-0: Ball
1-0: Ground out 5-3 (Groundball, 5S)
Bottom of the 3rd over - 0 run(s), 0 hit(s), 0 error(s), 0 left on base; Manhatten 1 - Columbia 0
TOP OF THE 4TH
Manhatten Meatheads batting - Pitching for Columbia 08s : LHP Júlio Gracía
Batting: LHB Dave Watt 0-0: Ball
1-0: Foul Ball, location: 2F
1-1: Ball
2-1: Ball
3-1: Called Strike
3-2: Base on Balls
Batting: RHB Jason Erickson 0-0: Ball
Dave Watt steals 2nd base
1-0: Ground out 5-3 (Groundball, 56)
Batting: RHB Mitch Thomas 0-0: Ball
1-0: Swinging Strike
1-1: Ball
2-1: Swinging Strike
2-2: Ball
3-2: Base on Balls
Batting: LHB Ed Murray 0-0: Called Strike
0-1: Ball
1-1: Called Strike
1-2: Foul Ball, location: 2F
1-2: Ball
2-2: Strikes out swinging
Batting: RHB Juan Reyes 0-0: Called Strike
0-1: Ball
1-1: Foul Ball, location: 2F
1-2: Foul Ball, location: 2F
1-2: SINGLE (Line Drive, 6M)
Dave Watt to third
Mitch Thomas to second
Runner from 3rd tries for Home, SAFE, no throw or cutoff
Batting: RHB Lynn Ford 0-0: Ball
Mitch Thomas steals 3rd base
Juan Reyes to second
1-0: Called Strike
1-1: Ball
2-1: Ball
3-1: Foul Ball, location: 2F
3-2: Strikes out swinging
Top of the 4th over - 1 run(s), 1 hit(s), 0 error(s), 2 left on base; Manhatten 2 - Columbia 0
BOTTOM OF THE 4TH
Columbia 08s batting - Pitching for Manhatten Meatheads : LHP Ben Head
Batting: RHB Luis Maldonado 0-0: Ball
1-0: Fly out, F9 (Popup, 9LS)
Batting: RHB Ichizo Akiyama 0-0: Called Strike
0-1: Foul Ball, location: 2F
0-2: Ball
1-2: Strikes out swinging
Batting: RHB Alfredo Hernández 0-0: Foul Ball, location: 2F
0-1: Swinging Strike
0-2: Ball
1-2: SINGLE (Line Drive, 34D)
Batting: RHB Barton Frazier 0-0: Called Strike
0-1: Foul Ball, location: 2F
0-2: Strikes out swinging
Bottom of the 4th over - 0 run(s), 1 hit(s), 0 error(s), 1 left on base; Manhatten 2 - Columbia 0
TOP OF THE 5TH
Manhatten Meatheads batting - Pitching for Columbia 08s : LHP Júlio Gracía
Batting: LHB António Cedeño 0-0: Called Strike
0-1: Called Strike
0-2: Ball
1-2: SINGLE (Groundball, 4M)
Batting: RHB Kyle O'Day 0-0: Ball
1-0: Called Strike
1-1: Foul Ball, location: 2F
1-2: Fielders Choice at 2nd, 1-6 (Groundball, 15)
Batting: SHB Vitaliano Capuana 0-0: Hit by Pitch
Kyle O'Day to second
Batting: LHB Dave Watt 0-0: Swinging Strike
0-1: Ball
Kyle O'Day steals 3rd base
Vitaliano Capuana to second
1-1: Ball
2-1: Called Strike
2-2: Foul Ball, location: 2F
2-2: Strikes out swinging
Pitching: RHP Irwin Conway
Batting: RHB Jason Erickson 0-0: Ball
1-0: Ball
2-0: Swinging Strike
2-1: Foul Ball, location: 2F
2-2: Strikes out swinging
Top of the 5th over - 0 run(s), 1 hit(s), 0 error(s), 2 left on base; Manhatten 2 - Columbia 0
BOTTOM OF THE 5TH
Columbia 08s batting - Pitching for Manhatten Meatheads : LHP Ben Head
Batting: SHB Roberto Rivera 0-0: Ball
1-0: Ball
2-0: Ball
3-0: Called Strike
3-1: Called Strike
Error on foul ball, E5
3-2: Ground out 6-3 (Groundball, 6)
Batting: RHB Felipe Rodríguez 0-0: Called Strike
0-1: Ball
1-1: Ball
2-1: SINGLE (Groundball, 56D)
Batting: LHB Brock Larsen 0-0: Ball
1-0: DOUBLE (Line Drive, 8LD)
Felipe Rodríguez to third
Batting: RHB Ryosei Yamamoto 0-0: Foul Ball, location: 2F
0-1: Ball
1-1: Ball
2-1: Called Strike
2-2: Foul Ball, location: 2F
2-2: Foul Ball, location: 2F
2-2: Ball
3-2: Base on Balls
Batting: RHB Vic Langlois 0-0: Called Strike
0-1: Foul Ball, location: 2F
0-2: SINGLE (Groundball, 56D)
Felipe Rodríguez scores
Brock Larsen to third
Ryosei Yamamoto to second
Batting: RHB Luis Maldonado 0-0: Foul Ball, location: 2F
0-1: Foul Ball, location: 2F
0-2: Ball
1-2: Foul Ball, location: 2F
1-2: Ball
2-2: Foul Ball, location: 2F
2-2: Fly out, F3 (Popup, 34)
Batting: RHB Ichizo Akiyama 0-0: Called Strike
0-1: Ground out 5-3 (Groundball, 56)
Bottom of the 5th over - 1 run(s), 3 hit(s), 1 error(s), 3 left on base; Manhatten 2 - Columbia 1
TOP OF THE 6TH
Manhatten Meatheads batting - Pitching for Columbia 08s : RHP Irwin Conway
Batting: RHB Mitch Thomas 0-0: Ball
1-0: Ball
2-0: Ball
3-0: Foul Ball, location: 2F
3-1: Foul Ball, location: 2F
3-2: Foul Ball, location: 2F
3-2: DOUBLE (Groundball, 3D)
Batting: LHB Ed Murray 0-0: Ball
1-0: Called Strike
1-1: Ball
2-1: Ball
3-1: Base on Balls
Batting: RHB Juan Reyes 0-0: Ball
1-0: Ball
2-0: Ball
3-0: Base on Balls
Mitch Thomas to third
Ed Murray to second
Batting: RHB Lynn Ford 0-0: Ball
1-0: Swinging Strike
1-1: Called Strike
1-2: Ball
2-2: Foul Ball, location: 2F
2-2: Ball
3-2: Strikes out swinging
Batting: LHB António Cedeño 0-0: Foul Ball, location: 2F
0-1: SINGLE (Line Drive, 4D)
Mitch Thomas scores
Ed Murray to third
Juan Reyes to second
Runner from 3rd tries for Home, SAFE, no throw or cutoff
Batting: RHB Kyle O'Day 0-0: Ball
1-0: Ball
2-0: Called Strike
2-1: Foul Ball, location: 2F
2-2: Ball
3-2: Fly out, F7 (Flyball, 8LD)
Runner from 2nd tags up, SAFE at 3rd, no throw
Batting: SHB Vitaliano Capuana 0-0: Ball
1-0: Ball
2-0: Fly out, F9 (Line Drive, 89M)
Top of the 6th over - 2 run(s), 2 hit(s), 0 error(s), 2 left on base; Manhatten 4 - Columbia 1
BOTTOM OF THE 6TH
Columbia 08s batting - Pitching for Manhatten Meatheads : LHP Ben Head
Batting: RHB Alfredo Hernández 0-0: Fly out, F6 (Popup, 6D)
Batting: RHB Barton Frazier 0-0: Ball
1-0: Ball
2-0: Ground out 5-3 (Groundball, 5S)
Batting: SHB Roberto Rivera 0-0: Called Strike
0-1: Ball
1-1: Foul Ball, location: 2F
1-2: Ball
2-2: Ball
3-2: DOUBLE (Line Drive, 7LM)
Pitching: LHP José Acevedo
Batting: RHB Felipe Rodríguez 0-0: Ball
1-0: Swinging Strike
1-1: DOUBLE (Line Drive, 7D)
Roberto Rivera scores
Batting: LHB Brock Larsen 0-0: Called Strike
0-1: Foul Ball, location: 2F
0-2: Strikes out swinging
Bottom of the 6th over - 1 run(s), 2 hit(s), 0 error(s), 1 left on base; Manhatten 4 - Columbia 2
TOP OF THE 7TH
Manhatten Meatheads batting - Pitching for Columbia 08s : RHP Irwin Conway
Batting: LHB Dave Watt 0-0: Called Strike
0-1: Ball
1-1: Ball
2-1: Ball
3-1: Base on Balls
Batting: RHB Jason Erickson 0-0: SINGLE (Groundball, 25) (infield hit)
Dave Watt to second
Pinch Hitting: RHB Iván Moreno 0-0: Bunted foul
0-1: Sac Bunt - play at first, batter OUT! 1-4
Dave Watt to third
Jason Erickson to second
Batting: LHB Ed Murray 0-0: Called Strike
0-1: Fly out, F3 (Popup, 34)
Pinch Hitting: LHB Magali Foulerton 0-0: Ground out 4-3 (Groundball, 4)
Top of the 7th over - 0 run(s), 1 hit(s), 0 error(s), 2 left on base; Manhatten 4 - Columbia 2
BOTTOM OF THE 7TH
Columbia 08s batting - Pitching for Manhatten Meatheads : LHP José Acevedo
Now at 2B: Iván Moreno
Now at SS: Júlio Galló
Batting: RHB Ryosei Yamamoto 0-0: Ball
1-0: Ball
2-0: Swinging Strike
2-1: Swinging Strike
2-2: Ball
3-2: Ground out 5-3 (Groundball, 56)
Batting: RHB Vic Langlois 0-0: Ball
1-0: Called Strike
1-1: Fly out, F3 (Popup, 3DF)
Batting: RHB Luis Maldonado 0-0: Called Strike
0-1: Called Strike
0-2: Strikes out swinging
Bottom of the 7th over - 0 run(s), 0 hit(s), 0 error(s), 0 left on base; Manhatten 4 - Columbia 2
TOP OF THE 8TH
Manhatten Meatheads batting - Pitching for Columbia 08s : RHP Irwin Conway
Pitching: LHP Héctor Díaz
Batting: RHB Lynn Ford 0-0: Ground out 3-1 (Groundball, 34S)
Batting: LHB António Cedeño 0-0: Called Strike
0-1: Foul Ball, location: 2F
0-2: Foul Ball, location: 2F
0-2: Strikes out swinging
Batting: RHB Kyle O'Day 0-0: SINGLE (Line Drive, 4M)
Batting: SHB Vitaliano Capuana 0-0: Called Strike
Throwing error on steal attempt, E2
Kyle O'Day to third
0-1: Ground out 6-3 (Groundball, 56)
Top of the 8th over - 0 run(s), 1 hit(s), 1 error(s), 1 left on base; Manhatten 4 - Columbia 2
BOTTOM OF THE 8TH
Columbia 08s batting - Pitching for Manhatten Meatheads : LHP José Acevedo
Now in CF: Mark McDonald
Batting: RHB Ichizo Akiyama 0-0: Called Strike
0-1: Called Strike
0-2: Foul Ball, location: 2F
0-2: Ball
1-2: Ground out 6-3 (Groundball, 6)
Batting: RHB Alfredo Hernández 0-0: Ball
1-0: Ball
2-0: SINGLE (Groundball, 6)
Pitching: LHP Enrico Lozano
Batting: RHB Barton Frazier 0-0: Ball
1-0: Fly out, F7 (Flyball, 7S)
Batting: SHB Roberto Rivera 0-0: Swinging Strike
0-1: Fly out, F4 (Popup, 34D)
Bottom of the 8th over - 0 run(s), 1 hit(s), 0 error(s), 1 left on base; Manhatten 4 - Columbia 2
TOP OF THE 9TH
Manhatten Meatheads batting - Pitching for Columbia 08s : LHP Héctor Díaz
Batting: LHB Dave Watt 0-0: Ball
1-0: Ball
2-0: Called Strike
2-1: Called Strike
2-2: Strikes out looking
Batting: RHB Jason Erickson 0-0: Ball
1-0: SINGLE (Line Drive, 7S)
Batting: RHB Iván Moreno 0-0: Called Strike
0-1: Ball
1-1: Fly out, F5 (Line Drive, 5)
Batting: LHB Ed Murray 0-0: Called Strike
0-1: SINGLE (Groundball, 34D) (infield hit)
Jason Erickson to second
Batting: RHB Júlio Galló 0-0: Ball
1-0: Foul Ball, location: 2F
1-1: Called Strike
1-2: Ball
2-2: Foul Ball, location: 2F
2-2: Foul Ball, location: 2F
2-2: Foul Ball, location: 2F
2-2: Foul Ball, location: 2F
2-2: Strikes out swinging
Top of the 9th over - 0 run(s), 2 hit(s), 0 error(s), 2 left on base; Manhatten 4 - Columbia 2
BOTTOM OF THE 9TH
Columbia 08s batting - Pitching for Manhatten Meatheads : LHP Enrico Lozano
Pitching: RHP Jimmy Bradley
Batting: RHB Felipe Rodríguez 0-0: Ball
1-0: Ball
2-0: Ball
3-0: Called Strike
3-1: Foul Ball, location: 2F
3-2: Foul Ball, location: 2F
3-2: Base on Balls
Batting: LHB Brock Larsen 0-0: Ball
1-0: Foul Ball, location: 2F
1-1: Fielders Choice at 2nd, 6-4 (Groundball, 6)
Batting: RHB Ryosei Yamamoto 0-0: Ball
1-0: Foul Ball, location: 2F
1-1: Fielders Choice at 2nd, 1-6 (Groundball, 15)
Pinch Hitting: RHB Armando Cuevas 0-0: Ball
1-0: Swinging Strike
1-1: Called Strike
1-2: Ball
2-2: Foul Ball, location: 2F
2-2: Strikes out swinging
Bottom of the 9th over - 0 run(s), 0 hit(s), 0 error(s), 1 left on base; Manhatten 4 - Columbia 2
This league is powered by Out of the Park Baseball, the baseball management simulation game for PC, Mac and Linux
Wednesday, December 2nd, 2015 - OOTP Baseball 16.8 Build 38